 Dungeon Crawl Stone Soup version 0.20.1-1-g8b1a95d (webtiles) character file.

15119 HuneSparrow the Carver (level 11, -2/89 HPs)
             Began as a Demonspawn Fighter on July 27, 2017.
             Was a High Priest of Qazlal.
             Shot with an arrow by Nessos (12 damage)
             ... while paralysed by an orc sorcerer
             ... on level 2 of the Orcish Mines on July 30, 2017.
             The game lasted 00:59:04 (13392 turns).

HuneSparrow the Carver (Demonspawn Fighter)        Turns: 13392, Time: 00:59:04

Health: -2/89      AC: 17    Str: 22    XL:     11   Next: 97%
Magic:  5/5        EV:  2    Int: 10    God:    Qazlal [*****.]
Gold:   705        SH:  0    Dex: 12    Spells: 10/10 levels left

rFire    . . .     SeeInvis .   R - +0 demon blade (antimagic)
rCold    . . .     Gourm    +   c - +0 shield
rNeg     . . .     Faith    .   J - +0 plate armour
rPois    .         Spirit   .   (helmet restricted)
rElec    .         Reflect  .   (no cloak)
rCorr    .         Harm     .   o - +0 pair of gloves
MR       +....                  (no boots)
Stlth    ..........             T - amulet of the gourmand
Regen    0.3/turn               n - +3 ring of evasion
MPRegen  0.1/turn               y - ring of protection from magic

@: paralysed, lethally poisoned (-2 -> -21), protected from physical damage,
repel missiles
A: horns 2, repulsion field 2, demonic guardian 1, deterioration 1, powered by
death 1, strong 1, evolution 1
a: Upheaval, Elemental Force, Disaster Area, Renounce Religion


You were on level 2 of the Orcish Mines.
You worshipped Qazlal.
Qazlal was extremely pleased with you.
You were very full.

You visited 3 branches of the dungeon, and saw 12 of its levels.

You collected 921 gold pieces.
You spent 216 gold pieces at shops.

Inventory:

Hand Weapons
 R - a +0 antimagic demon blade (weapon)
Armour
 c - a +0 shield (worn)
 o - a +0 pair of gloves (worn)
 J - a +0 plate armour (worn)
Jewellery
 n - a +3 ring of evasion (left hand)
 y - a ring of protection from magic (right hand)
 E - an uncursed ring of poison resistance
 T - an amulet of the gourmand (around neck)
 U - a +1 ring of slaying
Wands
 A - a wand of paralysis (3/24)
 I - a wand of polymorph (17/24)
 O - a wand of confusion (35/48)
Scrolls
 i - a scroll of enchant armour {unknown}
 j - 3 scrolls of noise {unknown}
 m - 3 scrolls of blinking
 p - 5 scrolls of teleportation {unknown}
 u - 5 scrolls of remove curse
 v - 3 scrolls of fear {unknown}
 w - 2 scrolls of random uselessness {unknown}
 x - a scroll of recharging {unknown}
 K - a scroll of immolation {unknown}
 N - a scroll of identify
 X - a scroll of fog {unknown}
Potions
 d - 2 potions of might
 e - a potion of curing
 l - 2 potions of invisibility
 q - 2 potions of heal wounds
 t - 5 potions of cancellation
 z - 3 potions of brilliance
 B - 2 potions of ambrosia
 C - 2 potions of lignification
 G - a potion of magic
 L - a potion of agility
 V - a potion of flight
 W - a potion of haste
 Y - a potion of mutation
Books
 r - a book of Conjurations

   Spells                             Type                      Level
   a - Magic Dart                     Conjuration                  1
   b - Searing Ray                    Conjuration                  2
   c - Dazzling Spray                 Conjuration/Hexes            3
   d - Fulminant Prism                Conjuration/Hexes            4
   e - Force Lance                    Conjuration/Translocation    4
   f - Iskenderun's Mystic Blast      Conjuration                  4
 s - a book of Spatial Translocations

   Spells                             Type                      Level
   a - Blink                          Translocation                2
   b - Shroud of Golubria             Charms/Translocation         2
   c - Lesser Beckoning               Translocation                3
   d - Gell's Gravitas                Translocation                3
   e - Teleport Other                 Translocation                3
   f - Passage of Golubria            Translocation                4
 M - a book of Geomancy

   Spells                             Type                      Level
   a - Sandblast                      Earth                        1
   b - Passwall                       Transmutation/Earth          2
   c - Stone Arrow                    Conjuration/Earth            3
   d - Petrify                        Transmutation/Earth          4
   e - Lee's Rapid Deconstruction     Earth                        5
 P - a book of Maledictions

   Spells                             Type                      Level
   a - Corona                         Hexes                        1
   b - Ensorcelled Hibernation        Hexes/Ice                    2
   c - Confuse                        Hexes                        3
   d - Tukima's Dance                 Hexes                        3
   e - Dazzling Spray                 Conjuration/Hexes            3
 Q - a book of the Warp

   Spells                             Type                      Level
   a - Gell's Gravitas                Translocation                3
   b - Portal Projectile              Hexes/Translocation          3
   c - Force Lance                    Conjuration/Translocation    4
   d - Dispersal                      Translocation                6
   e - Controlled Blink               Translocation                8
   f - Disjunction                    Translocation                8
Comestibles
 f - 5 bread rations
 g - 12 royal jellies
 h - 8 meat rations
 D - 7 fruits


   Skills:
 + Level 9.1 Fighting
 * Level 11.0 Long Blades
 + Level 7.8 Armour
 + Level 8.1 Shields
 * Level 8.1 Invocations


You had 10 spell levels left.
You didn't know any spells.

Dungeon Overview and Level Annotations

Branches:
Dungeon (9/15)             Temple (1/1) D:4            Lair (0/6) D:8
    Orc (2/2) D:9             Elf (0/3) Orc:2

Altars:
Cheibriados
Dithmenos
Elyvilon
Fedhas
Gozag
Hepliaklqana
Kikubaaqudgha
Makhleb
Okawaru
Qazlal
Ru
Sif Muna
Uskayaw
Xom
Yredelemnul
Zin
The Shining One

Shops:
D:5 (!   D:7 *   D:9 !   Orc:1 =

Annotations:
Orc:2 Nessos


Innate Abilities, Weirdness & Mutations

You have a pair of horns on your head.
You are surrounded by a moderate repulsion field. (EV +3)
A weak demonic guardian rushes to your aid.
You regenerate a little health from kills.
Your body sometimes deteriorates upon taking damage.
Your muscles are strong. (Str +2)
You evolve.


Message History

Your ufetubus hits the orc sorcerer but does no damage. x2
Nessos casts a spell.
Nessos seems to speed up.
You feel very sick.
Nessos blinks!
Your ufetubus hits the orc sorcerer.
Your ufetubus hits the orc sorcerer but does no damage.
The orc sorcerer barely misses your ufetubus.
The ogre hits you with a giant club!
* * * LOW HITPOINT WARNING * * *
* * * LOW HITPOINT WARNING * * *
You feel sick.
Your ufetubus misses the orc sorcerer.
Your ufetubus barely misses the orc sorcerer.
Nessos blinks!
The orc sorcerer misses your ufetubus.
Your ufetubus barely misses the orc sorcerer. x2
The ogre hits you with a giant club.
* * * LOW HITPOINT WARNING * * *
You feel more protected from physical attacks.
* * * LOW HITPOINT WARNING * * *
You feel sick.
Nessos shoots an arrow.
The arrow hits you!
You die...

**,,,,,,,,**,,,,,,***
**$......,,***...,,,,**
*,.......###*.....,,,,*
**....$....##.....,*,**
**,.......#......,*** ***
**,............,******,*
**,#.§...c§.#,****,,,,,
**#§(O.§...#,***,,,,,,
#(§@5o..##***,,,,,,,
###.§(5...###,,,,,,,,
**#...§.§.....#,,,,,,,,
*#.(............,,,,,*,,
#.....[..#.o....,,<,,*,,
**#.....#.##......,,,,,***
*,......###*#..$..,,,,****
**#.....**,*,.....,,,,,**,
##....,,,,,.....,,,,**,,


You could see Nessos, an orc sorcerer, an ogre, an orc wizard and 2 friendly
ufetubi.

Vanquished Creatures
  Rupert (Orc:1)
  Erolcha (Orc:1)
  Harold (D:9)
  A two-headed ogre (D:8)
  An orc high priest (Orc:1)
  An orc sorcerer (Orc:1)
  A cyclops (D:8)
  A queen bee (D:8)
  3 yaks (D:9)
  A hungry ghost (D:9)
  Grum (D:9)
  A warg (D:9)
  2 water moccasins
  12 orc warriors
  4 ice beasts
  2 black bears
  A phantom (D:9)
  3 necrophages
  3 wolves (D:9)
  6 centaurs
  11 ogres
  A big kobold (D:8)
  2 bullfrogs (D:8)
  Dowan (D:6)
  2 gnoll sergeants (D:9)
  5 scorpions
  21 killer bees
  4 wights (D:8)
  2 howler monkeys
  3 crimson imps
  11 orc priests
  2 hounds
  A bullfrog zombie (D:7)
  2 jellies
  2 centaur skeletons (D:4)
  3 bullfrog skeletons
  13 orc wizards
  6 iguanas
  7 worker ants
  Ijyb (D:4)
  A hound skeleton (D:6)
  5 adders
  8 gnolls (D:9)
  A shadow imp (D:7)
  An adder zombie (D:7)
  An ooze (D:3)
  2 worms
  2 dart slugs
  7 leopard geckos
  70 orcs
  7 giant cockroaches
  9 goblins
  11 hobgoblins
  14 jackals
  5 quokkas
  2 ball pythons
  11 bats
  5 frilled lizards
  A giant cockroach zombie (D:6)
  A jackal skeleton (D:6)
  14 kobolds
  A leopard gecko skeleton (D:4)
  A leopard gecko zombie (D:8)
  A quokka skeleton (D:6)
  8 rats
336 creatures vanquished.

Vanquished Creatures (collateral kills)
  A two-headed ogre (D:8)
  The ghost of Fosil the Slinger, a novice HaHu (D:6)
  A hungry ghost (D:8)
  Duvessa (D:6)
  An ogre (D:8)
  A wolf (D:9)
  A wight (D:8)
  A howler monkey (D:8)
  A crimson imp (D:8)
  An orc priest (D:9)
  3 orcs
13 creatures vanquished.

Vanquished Creatures (others)
  A bush (D:5)
1 creature vanquished.

Grand Total: 350 creatures vanquished

Notes
Turn   | Place    | Note
-------+----------+-------------------------------------------
     0 | D:1      | HuneSparrow the Demonspawn Fighter began the quest for the Orb.
     0 | D:1      | Reached XP level 1. HP: 18/18 MP: 1/1
    62 | D:1      | Gained mutation: You have a pair of small horns on your head. [demonic ancestry]
    62 | D:1      | Reached XP level 2. HP: 13/24 MP: 2/2
   202 | D:1      | Reached skill level 2 in Long Blades
   686 | D:1      | Reached XP level 3. HP: 29/29 MP: 3/3
   924 | D:2      | Found a white marble altar of Elyvilon.
  1254 | D:2      | Reached XP level 4. HP: 33/35 MP: 4/4
  1703 | D:3      | Reached skill level 3 in Long Blades
  1911 | D:3      | Gained mutation: You regenerate a little health from kills. [demonic ancestry]
  1911 | D:3      | Reached XP level 5. HP: 16/41 MP: 5/5
  2108 | D:3      | Found a glowing golden altar of the Shining One.
  3374 | D:3      | Reached XP level 6. HP: 19/48 MP: 6/6
  3375 | D:3      | Reached skill level 4 in Long Blades
  3717 | D:4      | Found a staircase to the Ecumenical Temple.
  3758 | Temple   | Entered the Ecumenical Temple
  3810 | Temple   | Became a worshipper of Qazlal Stormbringer
  4178 | D:4      | Reached XP level 7. HP: 41/55 MP: 7/7
  4283 | D:4      | Found an opulent altar of Gozag.
  4298 | D:4      | Reached skill level 5 in Long Blades
  4540 | D:4      | Reached * piety under Qazlal
  4599 | D:4      | Noticed Ijyb
  4622 | D:4      | Killed Ijyb
  4981 | D:5      | Entered Level 5 of the Dungeon
  4985 | D:5      | Found Cemen's Weapon Shop.
  5153 | D:5      | Reached skill level 5 in Fighting
  5195 | D:5      | Gained mutation: A weak demonic guardian rushes to your aid. [demonic ancestry]
  5195 | D:5      | Reached XP level 8. HP: 58/62 MP: 8/8
  5223 | D:5      | Found Tias's Distillery.
  5229 | D:5      | Gained mutation: Armour fits poorly on your strangely shaped body. [potion of mutation]
  5229 | D:5      | Gained mutation: Scrolls take you a little longer to read. [potion of mutation]
  5229 | D:5      | Gained mutation: You evolve. [potion of mutation]
  5230 | D:5      | Bought a potion of mutation for 112 gold pieces
  5231 | D:5      | Lost mutation: Armour fits poorly on your strangely shaped body. [potion of mutation]
  5231 | D:5      | Lost mutation: Scrolls take you a little longer to read. [potion of mutation]
  5231 | D:5      | Gained mutation: You are dopey. (Int -2) [potion of mutation]
  5231 | D:5      | Lost mutation: You are dopey. (Int -2) [potion of mutation]
  5559 | D:5      | Found a snail-covered altar of Cheibriados.
  5795 | D:5      | Reached skill level 6 in Long Blades
  5813 | D:6      | Noticed Duvessa
  5813 | D:6      | Noticed Dowan
  5996 | D:5      | Reached skill level 5 in Shields
  6268 | D:5      | Reached skill level 5 in Armour
  6569 | D:6      | Killed Duvessa
  6709 | D:6      | Killed Dowan
  6888 | D:6      | Reached skill level 7 in Long Blades
  6890 | D:6      | Found an iron altar of Okawaru.
  6897 | D:6      | Noticed Fosil's ghost (novice HaHu)
  6918 | D:6      | Killed Fosil's ghost
  6918 | D:6      | Gained mutation: You are surrounded by a mild repulsion field. (EV +2) [demonic ancestry]
  6918 | D:6      | Reached XP level 9. HP: 57/69 MP: 9/9
  7089 | D:6      | Found a blossoming altar of Fedhas.
  7197 | D:7      | Reached ** piety under Qazlal
  7227 | D:7      | Gained mutation: You are weak. (Str -2) [evolution]
  7718 | D:7      | Found Sovicech's General Store.
  8126 | D:8      | Found a staircase to the Lair.
  8178 | D:8      | Reached skill level 8 in Long Blades
  8420 | D:8      | Noticed a cyclops
  8437 | D:8      | Killed a cyclops
  8586 | D:8      | Gained mutation: You have a pair of horns on your head. [demonic ancestry]
  8586 | D:8      | Reached XP level 10. HP: 76/79 MP: 3/10
  8612 | D:8      | Lost mutation: You are weak. (Str -2) [evolution]
  8683 | D:8      | Noticed a two-headed ogre
  8692 | D:8      | Killed a two-headed ogre
  8692 | D:8      | Reached skill level 9 in Long Blades
  9057 | D:8      | Noticed a two-headed ogre
  9102 | D:8      | Killed a two-headed ogre
  9677 | D:9      | Reached *** piety under Qazlal
  9799 | D:9      | Reached skill level 1 in Invocations
  9871 | D:9      | Noticed Grum
  9885 | D:9      | Killed Grum
 10092 | D:9      | Found Ymohat's Distillery.
 10096 | D:9      | Bought a potion of mutation for 104 gold pieces
 10347 | D:9      | Reached **** piety under Qazlal
 10596 | D:8      | Reached skill level 10 in Long Blades
 10596 | D:8      | Gained mutation: You are surrounded by a moderate repulsion field. (EV +3) [demonic ancestry]
 10596 | D:8      | Reached XP level 11. HP: 78/86 MP: 4/14
 10982 | D:8      | Gained mutation: Your muscles are strong. (Str +2) [evolution]
 11322 | D:9      | Found a staircase to the Orcish Mines.
 11382 | Orc:1    | Entered Level 1 of the Orcish Mines
 11382 | Orc:1    | Found Ybuimos's Jewellery Emporium.
 11384 | Orc:1    | Noticed an orc high priest
 11388 | Orc:1    | Noticed Harold
 11527 | D:9      | Reached skill level 5 in Invocations
 11924 | D:9      | Reached ***** piety under Qazlal
 12150 | Orc:1    | Noticed an orc sorcerer
 12224 | D:9      | Killed Harold
 12243 | Orc:1    | Noticed a sun demon
 12401 | Orc:1    | Gained mutation: Your body sometimes deteriorates upon taking damage. [a neqoxec]
 12405 | Orc:1    | Killed an orc high priest
 12619 | Orc:1    | Killed an orc sorcerer
 12661 | Orc:1    | Noticed Erolcha
 12674 | Orc:1    | Killed Erolcha
 12952 | Orc:2    | Entered Level 2 of the Orcish Mines
 12958 | Orc:2    | Noticed Nessos
 13060 | Orc:2    | Noticed Rupert
 13062 | Orc:2    | Noticed an orc sorcerer
 13095 | Orc:1    | Killed Rupert
 13095 | Orc:1    | Reached skill level 11 in Long Blades
 13387 | Orc:2    | Paralysed by an orc sorcerer for 7 turns
 13392 | Orc:2    | Shot with an arrow by Nessos

Skill      XL: |  1  2  3  4  5  6  7  8  9 10 11 |
---------------+----------------------------------+-----
Long Blades    | 2 3 4 5 7 8 10 11 | 11.0
Shields        | 3 4 5 6 7 8 |  8.1
Armour         | 3 4 5 6 7 |  7.8
Fighting       | 4 5 6 7 8 9 |  9.1
Invocations    | 4 8 |  8.1

Action                   |  1- 3 |  4- 6 |  7- 9 | 10-12 || total
-------------------------+-------+-------+-------+-------++-------
Melee: Long sword        |   110 |   184 |   411 |       ||   705
       Headbutt          |     7 |    32 |    97 |   109 ||   245
       Demon blade       |       |       |    13 |   574 ||   587
Invok: Upheaval          |       |       |     1 |     1 ||     2
  Use: Potion            |     1 |     2 |     2 |     1 ||     6
       Scroll            |       |     6 |     5 |     7 ||    18
 Stab: Distracted        |       |       |     2 |     5 ||     7
  Eat: Chunk             |     1 |    10 |    10 |    44 ||    65
       Bread ration      |       |       |     1 |     1 ||     2
Armor: Scale mail        |    42 |    57 |    55 |       ||   154
       Plate armour      |       |       |   107 |   131 ||   238
Dodge: Dodged            |    44 |    92 |   134 |   141 ||   411
       Deflected         |       |       |       |     5 ||     5
Block: Shield            |    61 |   100 |   260 |   419 ||   840
       Rpst.: Long sword |    12 |    24 |    43 |       ||    79
       Demon blade       |       |       |     1 |    36 ||    37
